 Dungeon Crawl Stone Soup version 0.28.0-53-g5a82cb258f (webtiles) character file.

Game seed: 6100351183010233370

107 Revguard the Skirmisher (level 4, -11/40 HPs)
             Began as a Hill Orc Fighter on July 7, 2022.
             Killed by nerve-wracking pain
             ... invoked by Grinder
              (12 damage)
             ... on level 3 of the Dungeon.
             The game lasted 00:03:13 (2728 turns).

Revguard the Skirmisher (Hill Orc Fighter)          Turns: 2728, Time: 00:03:13

Health: -11/40     AC:  8    Str: 18    XL:     4   Next: 85%
Magic:  6/6        EV:  9    Int:  8    God:
Gold:   98         SH:  4    Dex: 12    Spells: 3/3 levels left

rFire   . . .      SeeInvis .   a - +0 war axe
rCold   . . .      Faith    .   c - +0 buckler
rNeg    . . .      Spirit   .   b - +0 scale mail
rPois   .          Reflect  .   (no helmet)
rElec   .          Harm     .   f - +0 cloak
rCorr   .          Rampage  .   (no gloves)
Will    .....                   (no boots)
Stlth   ..........              (no amulet)
HPRegen 0.13/turn               (no ring)
MPRegen 0.10/turn               (no ring)

@: mighty
A: no striking features
a: no special abilities


You were on level 3 of the Dungeon.
You visited 1 branch of the dungeon, and saw 3 of its levels.

You collected 98 gold pieces.

Inventory:

Hand Weapons
 a - a +0 war axe (weapon)
 i - a +1 dagger of venom
Armour
 b - a +0 scale mail (worn)
 c - a +0 buckler (worn)
 f - a +0 cloak (worn)
Scrolls
 e - a scroll of identify {unknown}
 g - a scroll of torment {unknown}
 j - a scroll of enchant weapon {unknown}
Potions
 h - a potion of brilliance {unknown}
 k - a potion of berserk rage {unknown}
 l - a potion of curing {unknown}


   Skills:
 + Level 4.1 Fighting
 + Level 3.4 Axes
 + Level 3.8 Armour
 + Level 1.0 Dodging
 + Level 3.5 Shields
 * Level 2.7 Invocations
 + Level 1.0 Evocations


You had 3 spell levels left.
You didn't know any spells.
Your spell library was empty.

Dungeon Overview and Level Annotations

Branches:
Dungeon (3/15)

Altars:

Annotations:
D:3 Grinder, Robin


Message History

Grinder hits you.
You writhe in agony.
You block Grinder's attack.
You closely miss Grinder.
Grinder is moderately wounded.
The goblin no longer looks unusually strong.
Grinder hits you.
You writhe in agony.
You closely miss Grinder.
Grinder is moderately wounded.
Grinder gestures at you. Pain shoots through your body!
Grinder barely misses you.
You feel very mighty all of a sudden.
A hobgoblin comes into view.
You block Grinder's attack.
You barely miss Grinder.
Grinder is moderately wounded.
Grinder blinks!
The goblin unwields a +0 dagger.
The goblin wields a +0 hunting sling.
The goblin shoots a stone.
You block the stone.
The goblin unwields a +0 hunting sling.
The goblin wields a +0 dagger.
You block the goblin's attack.
Items here: )))))) ††††.
You slice the goblin!!
You kill the goblin!
The hobgoblin no longer looks unusually strong.
You slice the hobgoblin!!
You kill the hobgoblin!
Grinder says, "Tell me all your secrets, or I'll kill you."
Grinder gestures at you. Pain shoots through your body!
Robin throws the goblin at you! The goblin barely misses you.
You aren't carrying any items that you can evoke.
You miss the goblin. Grinder gestures at you. Pain shoots through your body!
* * * LOW HITPOINT WARNING * * *
The goblin hits you but does no damage.
Robin roars a battlecry!
The goblins go into a battle-frenzy!
Grinder gestures at you. Pain shoots through your body!
You die...

.....#.........).
.....#............
$.................
..........<.......
......#......(....
...........#......
......#..######...
..........#### ..
....#.#.#5)@g# .
## #...gg###.#
#......# ...
#......# #....
#.......# .####
.......... .#
#..w.....> .
##.....O.#. .


You could see Grinder, Robin, a hobgoblin (strong) and a goblin (strong).

Vanquished Creatures
  4 adders (D:2)
  3 worms (D:2)
  4 dart slugs
  11 ball pythons
  A bat (D:2)
  An endoplasm (D:1)
  A giant cockroach (D:1)
  8 goblins
  4 hobgoblins
  4 jackals (D:1)
  5 kobolds
  3 frilled lizards (D:1)
  2 rats (D:1)
51 creatures vanquished.

Notes
Turn   | Place    | Note
-------+----------+-------------------------------------------
     0 | D:1      | Revguard the Hill Orc Fighter began the quest for the Orb.
     0 | D:1      | Reached XP level 1. HP: 19/19 MP: 1/1
   457 | D:1      | Reached skill level 1 in Invocations
   457 | D:1      | Reached XP level 2. HP: 27/27 MP: 2/2
   817 | D:1      | Reached XP level 3. HP: 28/33 MP: 4/4
  1870 | D:2      | Reached skill level 4 in Fighting
  1870 | D:2      | Reached XP level 4. HP: 37/40 MP: 5/5
  2061 | D:2      | Reached skill level 1 in Evocations
  2466 | D:3      | Noticed Grinder
  2702 | D:3      | Noticed Robin
  2704 | D:3      | Noticed an ogre
  2714 | D:3      | Reached skill level 1 in Dodging
  2728 | D:3      | HP: 1/40 [Grinder/nerve-wracking pain (12)]
  2728 | D:3      | Killed from afar by Grinder

Illustrated notes

Levels and vault maps discovered:
D:1:      dpeg_arrival_pond, layout_basic
D:2:      layout_basic, minmay_misc_feat_tiny, minmay_snake_closets
D:3:      layout_rooms, uniq_grinder, uniq_robin, uniq_natasha

Skill      XL: |  1  2  3  4 |
---------------+-------------+-----
Invocations    | 1 2 |  2.7
Axes           | 3 |  3.4
Fighting       | 4 |  4.1
Evocations     | 1 |  1.0
Dodging        | 1 |  1.0
Armour         | |  3.8
Shields        | |  3.5

Action                   |  1- 3 |  4- 6 || total
-------------------------+-------+-------++-------
Melee: War axe           |    89 |    82 ||   171
  Use: Potion            |       |     1 ||     1
Armor: Scale mail        |    44 |    38 ||    82
Dodge: Dodged            |    44 |    45 ||    89
Block: Buckler           |    17 |    23 ||    40
